AoeStats
← flank steak

Fortress

509808926Analyzed
3v3 RM · 5d ago on Sep 28, 2026· 46m 12s· 6 players
Game mode
Random Map
Map size
Large (8 player)
Population
200
Speed
Normal
Resources
Standard
Victory
Conquest
Starting age
Dark Age
Ending age
Imperial Age
RankedLock teamsTeams togetherTeam positionsShared explorationLock speedFull tech treeHidden civsTurbo modeCheats
Victory
Defeat
🇺🇸 Jurchens · United States
895
+10
🇺🇸 Muisca · United States
857
+11
🇺🇸 Persians · United States
854
+12
🇨🇱 Spanish · Chile
780
-12
🇺🇸 Saxons · United States
756
-11
🇺🇸 Slavs · United States
734
-10
CaptSquigglyP_IV
8:08 Feudal Age
8:51 Double-Bit Axe
10:54 Wheelbarrow
14:39 Castle Age
12:18 Man-at-Arms
12:53 Horse Collar
13:07 Stone Mining
20:37 Bow Saw
23:14 Loom
25:07 Squires
29:32 Pikeman
30:42 Elite Skirmisher
31:23 Fletching
32:58 Hand Cart
33:32 Ballistics
33:04 Heated Shot
32:56 Treadmill Crane
35:52 Imperial Age
34:02 Murder Holes
36:35 Bodkin Arrow
37:21 Conscription
38:24 Chemistry
38:58 Thumb Ring
39:26 Heavy Plow
41:37 Forging
41:28 Scale Mail Armor
41:31 Bracer
41:32 Padded Archer Armor
45:01 Onager
Hans Brix
0:54 Loom
8:17 Feudal Age
9:01 Horse Collar
9:09 Double-Bit Axe
11:19 Wheelbarrow
12:47 Gold Mining
18:22 Castle Age
17:16 Forging
16:55 Town Watch
17:10 Stone Mining
19:47 Hand Cart
19:56 Bow Saw
19:14 Pikeman
20:09 Bloodlines
20:00 Husbandry
21:38 Town Patrol
23:26 Iron Casting
22:53 Scale Mail Armor
23:03 Heavy Plow
23:06 Detinets
24:01 Caravan
28:28 Squires
31:22 Imperial Age
29:22 Ballistics
31:31 Redemption
31:46 Halberdier
33:35 Conscription
32:50 Capped Ram
34:06 Siege Ram
36:19 Block Printing
36:34 Illumination
39:52 Druzhina
40:36 Elite Boyar
42:40 Two-Man Saw
41:40 Guard Tower
42:17 Onager
mauri90.hermosilla
9:16 Feudal Age
10:51 Loom
13:08 Castle Age
11:42 Horse Collar
11:49 Double-Bit Axe
12:58 Forging
15:19 Bow Saw
15:11 Heavy Plow
17:10 Wheelbarrow
18:15 Fervor
22:28 Hand Cart
22:20 Husbandry
22:31 Bloodlines
22:25 Padded Archer Armor
25:15 Caravan
25:43 Loom
29:47 Imperial Age
29:59 Gold Mining
30:12 Cavalier
30:15 Elite Conquistador
31:18 Conscription
30:22 Elite Conquistador
31:01 Stone Mining
32:13 Two-Man Saw
32:20 Pikeman
33:40 Iron Casting
33:10 Scale Barding Armor
34:25 Stone Shaft Mining
34:00 Squires
33:46 Gambesons
34:05 Scale Mail Armor
34:20 Scale Barding Armor
37:37 Blast Furnace
37:08 Chain Barding Armor
38:45 Plate Barding Armor
40:09 Chain Mail Armor
39:45 Fletching
40:15 Chain Mail Armor
Puff_Sullivan
8:37 Feudal Age
12:50 Castle Age
12:13 Wheelbarrow
11:58 Double-Bit Axe
11:57 Horse Collar
12:33 Loom
12:35 Town Watch
18:20 Fletching
19:21 Bow Saw
21:46 Hand Cart
21:46 Town Patrol
23:56 Padded Archer Armor
24:28 Gold Mining
26:22 Leather Archer Armor
26:36 Crossbowman
29:30 Thumb Ring
31:09 Thumb Ring
30:56 Treadmill Crane
31:32 Masonry
35:14 Imperial Age
33:19 Ballistics
34:26 Elite Skirmisher
40:27 Chemistry
39:34 Siege Engineers
39:26 Murder Holes
40:40 Conscription
40:23 Herbalism
40:31 Huaracas
41:01 Bodkin Arrow
43:02 Bracer
flank steak
8:36 Feudal Age
12:48 Castle Age
12:57 Double-Bit Axe
18:53 Loom
20:39 Wheelbarrow
22:02 Devotion
27:39 Imperial Age
25:24 Hand Cart
26:23 Kamandaran
25:54 Elite Skirmisher
25:55 Crossbowman
31:21 Thumb Ring
34:51 Citadels
35:02 Fletching
35:23 Forging
35:19 Scale Barding Armor
35:17 Padded Archer Armor
37:41 Iron Casting
38:15 Chemistry
37:36 Ballistics
37:13 Murder Holes
37:36 Citadels
36:53 Elite War Elephant
40:35 Faith
41:53 Husbandry
42:05 Bloodlines
43:06 Cavalier
44:33 Savar
Skipperdoo
1:09 Loom
9:19 Feudal Age
13:34 Castle Age
13:22 Double-Bit Axe
13:19 Horse Collar
13:42 Gold Mining
18:52 Fletching
20:31 Elite Skirmisher
21:10 Bodkin Arrow
21:15 Padded Archer Armor
22:44 Wheelbarrow
22:30 Bow Saw
22:24 Heavy Plow
24:33 Gold Shaft Mining
24:31 Leather Archer Armor
24:59 Stone Mining
25:45 Ballistics
25:06 Treadmill Crane
30:07 Imperial Age
27:59 Hand Cart
31:50 Chemistry
30:57 Siege Engineers
31:53 Husbandry
32:03 Bloodlines
32:19 Bracer
32:49 Ring Archer Armor
32:12 Heavy Cavalry Archer
33:30 Conscription
36:04 Two-Man Saw
35:48 Fortified Wall
36:35 Town Watch
44:35 Light Cavalry
Connection lost

Rejoining the realm…

Still unreachable

The connection could not be restored.

Session expired

The server has moved on; the page needs a fresh start.